 Dungeon Crawl Stone Soup version 0.26-a0-1107-g6118521029 (webtiles) character file.

Game seed: 15249908790483612441

32 lordlovebone the Vexing (level 2, -1/24 HPs)
             Began as a Demigod Wanderer on Dec 16, 2020.
             Slain by a quokka (4 damage)
             ... on level 2 of the Dungeon.
             The game lasted 00:02:17 (1585 turns).

lordlovebone the Vexing (Demigod Wanderer)          Turns: 1585, Time: 00:02:18

Health: -1/24      AC:  4    Str: 13    XL:     2   Next: 93%
Magic:  3/5        EV: 10    Int: 19    God:
Gold:   68         SH:  0    Dex: 14    Spells: 2/3 levels left

rFire    . . .     SeeInvis .   a - +0 dagger
rCold    . . .     Faith    .   (no shield)
rNeg     . . .     Spirit   .   h - +0 leather armour
rPois    .         Reflect  .   (no helmet)
rElec    .         Harm     .   g - +0 cloak
rCorr    .         Rampage  .   (no gloves)
Will     .....                  (no boots)
Stlth    ++........             (no amulet)
HPRegen  0.08/turn              (no ring)
MPRegen  0.09/turn              (no ring)

@: lethally poisoned (-1 -> -5), flying
A: high mp 1
a: no special abilities


You were on level 2 of the Dungeon.
You visited 1 branch of the dungeon, and saw 2 of its levels.

You collected 68 gold pieces.

Inventory:

Hand Weapons
 a - a +0 dagger (weapon)
Missiles
 b - 35 stones (quivered)
Armour
 d - a +0 robe
 g - a +0 cloak (worn)
 h - a +0 leather armour (worn)
Scrolls
 c - 2 scrolls of teleportation
 e - 2 scrolls of identify {unknown}
 f - 2 scrolls of amnesia {unknown}
 i - a scroll of enchant weapon {unknown}
Potions
 j - a potion of flight


   Skills:
 + Level 2.2 Fighting
 + Level 1.5 Short Blades
 - Level 2.6 Stealth
 - Level 1.0 Shields
 - Level 1.0 Spellcasting
 - Level 2.6 Hexes
 - Level 1.0 Air Magic


You had 2 spell levels left.
You knew the following spells:

 Your Spells              Type           Power        Failure   Level
a - Corona                Hex            ##.....      8%          1

Your spell library contained the following spells:

 Spells                   Type           Power        Failure   Level
 Ensorcelled Hibernation  Hex/Ice        #.....       21%         2
 Apportation              Tloc           #.....       24%         1
 Confusing Touch          Hex            ##......     24%         3
 Tukima's Dance           Hex            ##......     24%         3
 Dazzling Flash           Conj/Hex       #.....       38%         3
 Lesser Beckoning         Tloc           #.........   56%         3


Dungeon Overview and Level Annotations

Branches:
Dungeon (2/15)


Innate Abilities, Weirdness & Mutations

You have an increased reservoir of magic. (+10% MP)


Message History

You feel very buoyant.
You fly up into the air.
The adder misses you. The adder bites you.
* * * LOW HITPOINT WARNING * * *
You hit the adder.
You kill the adder!
* * * LOW HITPOINT WARNING * * *
You feel sick.
Okay, then.
Okay, then.
You hit the quokka.
The quokka is almost dead.
The quokka closely misses you.
You barely miss the quokka.
The quokka is almost dead.
The quokka barely misses you.
You closely miss the quokka.
The quokka is almost dead.
* * * LOW HITPOINT WARNING * * *
You feel sick. The quokka bites you.
You die...

#...# #........
#####...#### #........
#..........# #........
.....########.###........
... +.....).....<.......
. #####...............
#.#.#...........
####.#.#...........
#.@.>#.............
#r#####.....####+#. #..
#.....# #... #..
#.....##..... #.. ##....
#..... #.. #.## ##....
#.. +.... #.. #.... #....


You could see a quokka.

Vanquished Creatures
  2 adders (D:2)
  A ball python (D:1)
  A hobgoblin (D:1)
  3 kobolds (D:1)
  A bat (D:1)
  2 frilled lizards (D:1)
  2 goblins (D:1)
  5 rats
17 creatures vanquished.

Notes
Turn   | Place    | Note
-------+----------+-------------------------------------------
     0 | D:1      | lordlovebone the Demigod Wanderer began the quest for the
                  | Orb.
     0 | D:1      | lordlovebone set off with the following items: a +0 dagger,
                  | a scroll of teleportation, a +0 robe; and the following
                  | spells available to memorise: Corona, Ensorcelled
                  | Hibernation, Apportation, Confusing Touch, Tukima's Dance,
                  | Dazzling Flash, Lesser Beckoning
     0 | D:1      | Reached XP level 1. HP: 16/16 MP: 4/4
     2 | D:1      | Learned a level 1 spell: Corona
   629 | D:1      | Reached XP level 2. HP: 13/24 MP: 5/5
  1150 | D:2      | Reached skill level 1 in Short Blades
  1585 | D:2      | Slain by a quokka

Illustrated notes

Levels and vault maps discovered:
D:1:      dpeg_arrival_three_same_balls, layout_basic
D:2:      layout_basic

Skill      XL: |  1  2 |
---------------+-------+-----
Short Blades   | 1 |  1.5
Fighting       | 2 |  2.2
Stealth        | |  2.6
Shields        | |  1.0
Spellcasting   | |  1.0
Hexes          | |  2.6
Air Magic      | |  1.0

Action                   || total
-------------------------++-------
Melee: Dagger            ||    66
 Cast: Corona            ||     6
  Use: Potion            ||     1
 Stab: Sleeping          ||     2
Armor: Robe              ||     7
       Leather armour    ||     7
Dodge: Dodged            ||    29

Table legend: (Time is in decaauts)
 A = Elapsed time spent in this place.
 B = Non-inter-level travel time spent in this place.
 C = Inter-level travel time spent in this place.
 D = Time resting spent in this place.
 E = Time spent auto-exploring this place.
 F = Levels seen in this place.
 G = Mean time per level.
                   A        B        C        D        E       F      G
               +--------+--------+--------+--------+--------+-----+--------+
         Total |   1582 |   1519 |     63 |    542 |    804 |   2 |  791.0 |
       Dungeon |   1582 |   1519 |     63 |    542 |    804 |   2 |  791.0 |
               +--------+--------+--------+--------+--------+-----+--------+

Top non-repeatable levels by time:
     D:1: 1112 daAuts
     D:2: 470 daAuts
